 Dungeon Crawl Stone Soup version 0.30-a0-672-gc3a7216ad8 (webtiles) character file.

Game seed: 8930076570287548556

128 Dittersdorf the Shield-Bearer (level 5, -1/33 HPs)
             Began as a Gargoyle Fighter on Jan 18, 2023.
             Killed from afar by Natasha (7 damage)
             ... with a magic dart
             ... on level 2 of the Dungeon.
             The game lasted 00:01:34 (1795 turns).

Dittersdorf the Shield-Bearer (Gargoyle Fighter)    Turns: 1795, Time: 00:01:34

Health: -1/33      AC:  0    Str: 22    XL:     5   Next: 12%
Magic:  5/5        EV: 17    Int:  8    God:
Gold:   62         SH:  0    Dex: 14    Spells: 4/4 levels left

rFire   . . .      SeeInvis .    (weapon currently unavailable)
rCold   . . .      Faith    .    (shield currently unavailable)
rNeg    + . .      Spirit   .    (body armour currently unavailable)
rPois   ∞          Reflect  .    (helmet currently unavailable)
rElec   .          Harm     .    (cloak currently unavailable)
rCorr   .          Rampage  .    (gloves currently unavailable)
Will    .....                    (boots currently unavailable)
Stlth   +                        (no amulet)
HPRegen 0.25/turn                (ring currently unavailable)
MPRegen 0.09/turn                (ring currently unavailable)

@: bat-form, flying, very quick
A: fast, flying, no casting, sickness immunity, AC +4, tiny, negative energy
resistance 1, (electricity resistance), torment resistance 1, petrification
resistance
a: no special abilities


You were on level 2 of the Dungeon.
You were a bat.
You visited 1 branch of the dungeon, and saw 2 of its levels.

You collected 62 gold pieces.

Inventory:

Hand Weapons
 a - a +0 flail (melded)
Armour
 b - a +0 scale mail (melded)
 c - a +0 buckler (melded)
 l - a +0 tower shield
Scrolls
 f - a scroll of teleportation {unknown}
 g - a scroll of identify {unknown}
 j - a scroll of immolation {unknown}
Potions
 d - 2 potions of might
 e - a potion of heal wounds {unknown}
 h - 2 potions of attraction {unknown}
 i - a potion of curing {unknown}
 k - 2 potions of flight {unknown}


   Skills:
 + Level 4.1 Fighting
 + Level 3.0 Maces & Flails
 + Level 4.2 Armour
 + Level 4.2 Shields


You had 4 spell levels left.
You didn't know any spells.
Your spell library contained the following spells:

 Spells                   Type           Power      Damage    Failure   Level
 Sting                    Tmut/Pois      0%         1d3       41%         1
 Poisonous Vapours        Pois/Air       0%         N/A       54%         2
 Olgreb's Toxic Radiance  Pois           0%         N/A       99%         4


Dungeon Overview and Level Annotations

Branches:
Dungeon (2/15)

Altars:

Annotations:
D:2 1 runed translucent door, Crazy Yiuf, Natasha


Innate Abilities, Weirdness & Mutations

You are a bat.
You are tiny and dextrous.
You move quickly.
You are flying.
Your equipment is almost entirely melded.
You are incapable of wielding weapons or throwing items.
You cannot cast spells.
You are immune to sickness and miasma.
((Your stone body is resilient. (AC +4)))
You are immune to poison.
You resist negative energy. (rN+)
((You are resistant to electric shocks. (rElec)))
You are resistant to unholy torment.
You are immune to petrification.


Message History

Natasha is severely wounded.
Natasha claws you!
You barely miss Natasha.
Natasha is severely wounded.
Natasha claws you.
You are too injured to fight recklessly!
You are too injured to fight recklessly!
You are too injured to fight recklessly!
You are too injured to fight recklessly!
You are too injured to fight recklessly!
You are too injured to fight recklessly!
You are too injured to fight recklessly!
You are too injured to fight recklessly!
You are too injured to fight recklessly!
You are too injured to fight recklessly!
You are too injured to fight recklessly!
You are too injured to fight recklessly!
You are too injured to fight recklessly!
You are too injured to fight recklessly!
You are too injured to fight recklessly!
You hit Natasha but do no damage.
Natasha is severely wounded.
Natasha closely misses you.
You hit Natasha but do no damage.
Natasha is severely wounded.
Natasha wildly gestures.
Natasha glows brightly for a moment.
Natasha misses you.
You hit Natasha.
Natasha is severely wounded.
Natasha casts a spell.
You barely miss Natasha.
Natasha is severely wounded.
Natasha claws you!
* * * LOW HITPOINT WARNING * * *
You barely miss Natasha.
Natasha is severely wounded.
Natasha stares at you and mumbles some strange words.
The magic dart hits you!
You die...

* #.........####.###*,******
*******##.....##........#*,* *,,,
,,,,,,.......###..##..#.##,***,**
,*****####...# #..#.^.....,,,,,,,
,,,,,* #.#.###).......#*,******
,***,* #................,* ,* *,*
#######........##** ,* *,*
#..#...#.# ,* *,* #b.##.##,#
,***,***** #h..###*,* ,,,,*,,,,*
##5.# *,* ,***,***,* #..# *,*
,***,* *,* #..# *,* †,,,,*
*†********..# *,* ,*****
*,,,,,,,,,..# *,*
,***********,****#.# *,*
,,,,,,,,†,,,*,** *,* **,*********


You could see Natasha and a white imp (summoned).

Vanquished Creatures
  Natasha (twice) (D:2)
  3 adders (D:2)
  2 worms (D:2)
  3 dart slugs
  2 ball pythons (D:2)
  An endoplasm (D:2)
  A giant cockroach (D:2)
  4 goblins
  2 hobgoblins (D:1)
  8 jackals
  A kobold (D:1)
  2 quokkas (D:2)
  4 bats
  A frilled lizard (D:2)
  4 rats
40 creatures vanquished.

Notes
Turn   | Place    | Note
-------+----------+-------------------------------------------
     0 | D:1      | Dittersdorf the Gargoyle Fighter began the quest for the
                  | Orb.
     0 | D:1      | Reached XP level 1. HP: 14/14 MP: 1/1
   270 | D:1      | Reached XP level 2. HP: 12/19 MP: 2/2
   878 | D:2      | Reached XP level 3. HP: 23/23 MP: 3/3
   918 | D:2      | Found a runed translucent door.
   919 | D:2      | Noticed Crazy Yiuf
  1201 | D:2      | Reached XP level 4. HP: 29/29 MP: 4/4
  1432 | D:2      | Noticed Natasha
  1439 | D:2      | Killed Natasha
  1613 | D:2      | Noticed Natasha
  1628 | D:2      | Killed Natasha
  1629 | D:2      | Reached XP level 5. HP: 33/33 MP: 5/5
  1774 | D:2      | Noticed Natasha
  1795 | D:2      | Killed from afar by Natasha

Illustrated notes

Levels and vault maps discovered:
D:1:      minmay_arrival_hallway, layout_basic, minmay_fountain_box
D:2:      layout_loops_ring, uniq_natasha, uniq_crazy_yiuf_cottage

Skill      XL: |  1  2  3  4 |
---------------+-------------+-----
Fighting       | 4 |  4.1
Armour         | 4 |  4.2
Shields        | 4 |  4.2
Maces & Flails | 3 |  3.0

Action                   |  1- 3 |  4- 6 || total
-------------------------+-------+-------++-------
Melee: Flail             |   115 |    39 ||   154
       Unarmed           |       |    20 ||    20
Armor: Scale mail        |    78 |    26 ||   104
       Skin              |       |     4 ||     4
Dodge: Dodged            |    60 |    24 ||    84
Block: Buckler           |    29 |     6 ||    35

Table legend: (Time is in decaauts)
 A = Elapsed time spent in this place.
 B = Non-inter-level travel time spent in this place.
 C = Inter-level travel time spent in this place.
 D = Time resting spent in this place.
 E = Time spent auto-exploring this place.
 F = Levels seen in this place.
 G = Mean time per level.
                   A        B        C        D        E       F      G
               +--------+--------+--------+--------+--------+-----+--------+
         Total |   1850 |   1826 |     24 |    122 |   1355 |   2 |  925.0 |
       Dungeon |   1850 |   1826 |     24 |    122 |   1355 |   2 |  925.0 |
               +--------+--------+--------+--------+--------+-----+--------+

Top non-repeatable levels by time:
     D:2: 970 daAuts
     D:1: 879 daAuts
